 Dungeon Crawl Stone Soup version 0.31-a0-236-g9a0961fb85 (webtiles) character file.

Game seed: 14034334424901157035

56 qw the Shooter (level 3, -1/21 HPs)
             Began as a Gargoyle Hexslinger on July 10, 2023.
             Slain by an orc wizard
             ... wielding a +0 dagger
              (3 damage)
             ... on level 3 of the Dungeon.
             The game lasted 00:00:31 (1368 turns).

qw the Shooter (Gargoyle Hexslinger)                Turns: 1368, Time: 00:00:32

Health: -1/21      AC:  5    Str: 11    XL:     3   Next: 97%
Magic:  4/4        EV: 12    Int: 13    God:
Gold:   159        SH:  0    Dex: 14    Spells: 3/4 levels left

rFire   . . .        Y - +3 sling
rCold   . . .        (no shield)
rNeg    + + .        c - +0 robe
rPois   inf          (no helmet)
rElec   +            (no cloak)
rCorr   .            (no gloves)
SInv    .            (no boots)
Will    .....        j - amulet of the acrobat
Stlth   +            k - ring of positive energy
HPRegen 0.23/turn    (no ring)
MPRegen 0.09/turn

%: acrobat
@: no status effects
A: sickness immunity, AC +3, negative energy resistance 1, electricity
resistance, torment resistance 1, petrification resistance
a: no special abilities


You were on level 3 of the Dungeon.
You visited 1 branch of the dungeon, and saw 3 of its levels.

You collected 159 gold pieces.


Innate Abilities, Weirdness & Mutations

You are immune to sickness and miasma.
Your stone body is resilient. (AC +3)
You are immune to poison.
You resist negative energy. (rN+)
You are resistant to electric shocks. (rElec)
You are resistant to unholy torment.
You are immune to petrification.


   Skills:
 - Level 2.0 Fighting
 + Level 3.8 Ranged Weapons
 - Level 1.5 Dodging
 - Level 1.0 Spellcasting
 - Level 2.6 Hexes


You had 3 spell levels left.
You knew the following spells:

 Your Spells              Type           Power      Damage    Failure   Level
a - Slow                  Hex            28%        N/A       10%         1

Your spell library contained the following spells:

 Spells                   Type           Power      Damage    Failure   Level
 Inner Flame              Hex/Fire       4%         N/A       43%         3
 Portal Projectile        Hex/Tloc       8%         N/A       43%         3
 Cause Fear               Hex            3%         N/A       67%         4

Inventory:

Hand Weapons
 Y - a +3 sling (weapon)
Armour
 c - a +0 robe (worn)
Jewellery
 j - an amulet of the acrobat (around neck)
 k - a ring of positive energy (left hand)
Potions
 b - a potion of invisibility {unknown}
 e - a potion of degeneration {unknown}
 g - a potion of lignification {unknown}
 i - a potion of curing {unknown}

Dungeon Overview and Level Annotations

Branches:
Dungeon (3/15)

Altars:


Message History

The hobgoblin is severely wounded.
Something hits you. The hobgoblin completely misses you.
You shoot a sling bullet.
The sling bullet barely misses the hobgoblin.
The sling bullet hits the quokka.
You kill the quokka!
Something hits you.
The hobgoblin hits you but does no damage.
You shoot a sling bullet. The sling bullet hits the hobgoblin.
You kill the hobgoblin!
Something hits you. x2; The orc hits you with a +0 falchion.
You shoot a sling bullet. The sling bullet hits the orc.
The orc is moderately wounded.
You hear a shout!
You hear some strange, mumbled words.
You are confused.
A hobgoblin comes into view.
The orc hits you with a +0 falchion.
You hear a shout!
The orc hits you but does no damage. Something closely misses you.
The orc completely misses you. Something misses you.
Something hits you but does no damage.
You hear some strange, mumbled words.
You are more confused.
Something hits you. Something closely misses you.
The worm completely misses you. Something hits you.
The worm completely misses you. Something closely misses you.
Something hits you. The worm completely misses you.
Something closely misses you. Something completely misses you.
The worm completely misses you. Something hits you.
You feel less confused. The worm completely misses you.
Something completely misses you.
You shoot a sling bullet. The sling bullet hits the worm.
The worm is lightly wounded.
Something hits you but does no damage. The worm bites you but does no damage.
You shoot a sling bullet. The sling bullet hits the worm!
The worm is heavily wounded.
Something hits you.
You die...

...######.#
...# #.# #.
.### #.# ..
.# #.# #. ##
.# #.# ....#
.# #.# .#.#
.# #.# o..
<#####
#.#######w##
.#...#
#.......@{S#
.#...#
##########g#
.#...##### #
...>......
##...####.
##...#####
..........
##########


You could see a worm, an adder, an orc and a hobgoblin.

Vanquished Creatures
  3 worms (D:2)
  A dart slug (D:1)
  3 orcs (D:3)
  2 ball pythons (D:1)
  5 endoplasms
  2 giant cockroaches (D:2)
  4 goblins (D:1)
  4 hobgoblins
  2 jackals (D:2)
  A kobold (D:2)
  A quokka (D:3)
  5 bats
  3 frilled lizards (D:1)
  2 rats
38 creatures vanquished.

Notes
Turn   | Place    | Note
-------+----------+-------------------------------------------
     0 | D:1      | qw the Gargoyle Hexslinger began the quest for the Orb.
     0 | D:1      | Reached XP level 1. HP: 12/12 MP: 2/2
     0 | D:1      | 0 ||| qw: Version: 0.3-a-51-g015441d
     0 | D:1      | 0 ||| qw: Game counter: 4506
     0 | D:1      | 0 ||| qw: Melee chars always use a shield: true
     0 | D:1      | 0 ||| qw: God list: Okawaru
     0 | D:1      | 0 ||| qw: Allow faded altars: false
     0 | D:1      | 0 ||| qw: Do Orc after clearing Dungeon:15 true
     0 | D:1      | 0 ||| qw: Do second Lair branch before Depths: true
     0 | D:1      | 0 ||| qw: Lair rune preference: random
     0 | D:1      | 0 ||| qw: Goals: Normal
     0 | D:1      | 0 ||| PLANNING D:1-11
   207 | D:1      | Reached XP level 2. HP: 16/16 MP: 3/3
   208 | D:1      | 208 ||| FLEEEEING.
   214 | D:1      | 214 ||| FLEEEEING.
   294 | D:1      | Reached skill level 3 in Ranged Weapons
   747 | D:1      | 747 ||| READING 2 scrolls labelled OTYBOL LAOMYCH.
   748 | D:1      | 748 ||| READING scroll of enchant weapon.
   748 | D:1      | 748 ||| ENCHANTING +2 sling.
   749 | D:1      | 749 ||| READING scroll labelled UMOUSTR KOLEN.
   750 | D:1      | 750 ||| DRINKING 2 silvery potions.
   751 | D:1      | 751 ||| DROPPING scroll of poison.
   752 | D:1      | 752 ||| DROPPING potion of attraction.
   817 | D:2      | Reached XP level 3. HP: 21/21 MP: 4/4
  1088 | D:2      | 1088 ||| UPGRADING to amulet of the acrobat.
  1093 | D:2      | 1093 ||| DROPPING amulet of magic regeneration.
  1094 | D:2      | 1094 ||| UPGRADING to ring of positive energy.
  1095 | D:2      | 1095 ||| READING scroll labelled VUOWNA GUORPHIOROU.
  1096 | D:2      | 1096 ||| READING scroll labelled LOODALO DECWESH.
  1097 | D:2      | 1097 ||| READING scroll labelled LIEHACVAESU.
  1198 | D:2      | 1198 ||| DRINKING 2 murky brown potions.
  1347 | D:3      | HP: 5/21 [something (1)]
  1348 | D:3      | 1348 ||| DRINKING potion of heal wounds.
  1360 | D:3      | HP: 5/21 [something (1)]
  1365 | D:3      | HP: 1/21 [something (3)]
  1368 | D:3      | Slain by an orc wizard

Levels and vault maps discovered:
D:1:      nicolae_arrival_memento_mori, layout_basic, due_unseen_surprise
D:2:      layout_rooms
D:3:      minmay_spotlight, layout_basic, gammafunk_ghost_cemetery,
          uniq_crazy_yiuf_cottage, uniq_grinder, uniq_natasha

Skill      XL: |  1  2  3 |
---------------+----------+-----
Ranged Weapons | 3 |  3.8
Fighting       | 2 |  2.0
Dodging        | |  1.5
Spellcasting   | |  1.0
Hexes          | |  2.6

Action                     || total
---------------------------++-------
   Fire: Sling             ||    92
    Use: Scroll            ||     6
         Potion            ||     3
 Armour: Robe              ||    14
  Dodge: Dodged            ||    33

Table legend:
 A = Non-vault XP
 B = Vault XP
 C = Vault XP percentage of total XP
 D = Non-vault monster count
 E = Vault monster count
 F = Vault count percentage of total count
                 A         B        C        D         E       F
            +---------+---------+-------+---------+---------+-------
      Total |      74 |       7 |   8.6 |      35 |       3 |   7.9
            +---------+---------+-------+---------+---------+-------
        D:1 |      27 |       0 |   0.0 |      16 |       0 |   0.0
        D:2 |      38 |       0 |   0.0 |      15 |       0 |   0.0
        D:3 |       9 |       7 |  43.8 |       4 |       3 |  42.9
            +---------+---------+-------+---------+---------+-------
